 Dungeon Crawl Stone Soup version 0.30.0-18-gc0e69614cb (webtiles) character file.

Game seed: 3529196213024003886

331 KittyFluff the Cudgeller (level 6, 0/39 HPs)
             Began as a Gargoyle Berserker on May 23, 2023.
             Was a Believer of Trog.
             Slain by an ogre
             ... wielding a +0 giant spiked club
              (32 damage)
             ... on level 5 of the Dungeon.
             The game lasted 00:20:16 (3866 turns).

KittyFluff the Cudgeller (Gargoyle Berserker)       Turns: 3866, Time: 00:20:17

Health: 0/39       AC:  7    Str: 26    XL:     6   Next: 51%
Magic:  6/6        EV: 12    Int:  8    God:    Trog [**....]
Gold:   215        SH:  0    Dex: 11    Spells: 5/5 levels left

rFire   . . .        a - +0 mace
rCold   . . .        (no shield)
rNeg    + . .        l - +0 leather armour
rPois   ∞            (no helmet)
rElec   +            (no cloak)
rCorr   .            (no gloves)
SInv    .            (no boots)
Will    .....        h - amulet of the acrobat
Stlth   +            v - +6 ring of strength
HPRegen 0.26/turn    D - ring of flight
MPRegen 0.10/turn

%: acrobat
@: flying
A: sickness immunity, AC +4, negative energy resistance 1, electricity
resistance, torment resistance 1, petrification resistance
a: Renounce Religion, Berserk, Trog's Hand


You were on level 5 of the Dungeon.
You worshipped Trog.
Trog was pleased with you.
You visited 1 branch of the dungeon, and saw 5 of its levels.

You collected 215 gold pieces.

Inventory:

Hand Weapons
 a - a +0 mace (weapon)
 e - a +0 sling
 j - a +2 whip of electrocution
Missiles
 n - 6 boomerangs (quivered)
 o - 3 silver javelins
 s - 3 poisoned darts
Armour
 l - a +0 leather armour (worn)
 z - the +2 leather armour of Xom's Supremacy {rN++ Will+ Slay-5}
   (You found it on level 4 of the Dungeon)

   Slay:      It affects your accuracy & damage with ranged weapons and melee
   (-5).
   rN:        It greatly protects you from negative energy.
   Will:      It increases your willpower.
Jewellery
 h - an amulet of the acrobat (around neck)
 v - a +6 ring of strength (left hand)
 D - a ring of flight (right hand)
Scrolls
 d - a scroll of summoning {unknown}
 f - 3 scrolls of teleportation
 i - a scroll of noise {unknown}
 m - a scroll of blinking {unknown}
 t - 2 scrolls of magic mapping
 x - 3 scrolls of torment {unknown}
 y - a scroll of fear {unknown}
 A - 3 scrolls of brand weapon {unknown}
 B - a scroll of vulnerability {unknown}
 C - a scroll of identify
Potions
 b - 4 potions of heal wounds
 c - 4 potions of curing {unknown}
 g - a potion of lignification {unknown}
 k - a potion of might {unknown}
 p - a potion of mutation {unknown}
 q - a potion of flight {unknown}
 r - 2 potions of berserk rage {unknown}
 u - 2 potions of degeneration {unknown}
 w - a potion of haste {unknown}


   Skills:
 + Level 4.3 Fighting
 + Level 5.2 Maces & Flails
 * Level 3.9 Armour
 + Level 2.3 Dodging
 + Level 1.0 Stealth


You had 5 spell levels left.
You didn't know any spells.
Your spell library was empty.

Dungeon Overview and Level Annotations

Branches:
Dungeon (5/15)             Temple (0/1) D:4

Altars:
Elyvilon
Okawaru
Wu Jian

Shops:
D:1 [   D:2 (

Annotations:
D:5 2 transporters


Innate Abilities, Weirdness & Mutations

You are immune to sickness and miasma.
Your stone body is resilient. (AC +4)
You are immune to poison.
You resist negative energy. (rN+)
You are resistant to electric shocks. (rElec)
You are resistant to unholy torment.
You are immune to petrification.


Message History

The gnoll is almost dead.
The gnoll hits you but does no damage.
You hit the gnoll.
You kill the gnoll!
Trog accepts your kill. The gnoll hits you with a +0 club.
You hit the gnoll.
The gnoll is moderately wounded.
The gnoll closely misses you.
You completely miss the gnoll.
The gnoll is moderately wounded.
The gnoll hits you with a +0 club.
You closely miss the gnoll.
The gnoll is moderately wounded.
The gnoll closely misses you.
You hit the gnoll but do no damage.
The gnoll is moderately wounded.
The gnoll hits you with a +0 club.
You hit the gnoll.
The gnoll is severely wounded.
The gnoll misses you.
You sock the gnoll!
You kill the gnoll!
Trog accepts your kill.
You barely miss the ogre. The ogre misses you.
You completely miss the ogre. The ogre completely misses you.
You hit the ogre but do no damage. The ogre barely misses you.
You hit the ogre.
The ogre is lightly wounded.
You barely miss the ogre.
The ogre is lightly wounded.
The ogre hits you with a +0 giant spiked club.
You sock the ogre!
The ogre is heavily wounded.
The ogre barely misses you.
You hit the ogre but do no damage.
The ogre is heavily wounded.
The ogre hits you with a +0 giant spiked club!!
Ouch! That really hurt!
You die...

... #.# #.# . #.#
.######.# #... .... ..#
#... #####.###.# #..##
#.......#@# #.©#
#.....#.#O# #..##
#.5...5##### #...##
#.._..##.......###....#
###.##
###...........##. #.
#####.###...##©### #
#.# #...####.. #.#
#......... #.#
#..[......


You could see an ogre and a white imp.

Vanquished Creatures
  An ice beast (D:5)
  Natasha (thrice) (D:3)
  5 gnolls
  An adder (D:2)
  An ufetubus (D:5)
  A worm (D:3)
  2 dart slugs
  4 orcs
  12 ball pythons
  6 endoplasms
  A giant cockroach (D:1)
  7 goblins
  7 hobgoblins
  9 jackals (D:4)
  2 quokkas
  7 bats
  3 frilled lizards
  13 kobolds
  3 rats
88 creatures vanquished.

Notes
Turn   | Place    | Note
-------+----------+-------------------------------------------
     0 | D:1      | KittyFluff the Gargoyle Berserker began the quest for the
                  | Orb.
     0 | D:1      | Reached XP level 1. HP: 14/14 MP: 1/1
    94 | D:1      | Reached XP level 2. HP: 15/19 MP: 2/2
   198 | D:1      | Found Jaryff's Armour Emporium.
   391 | D:1      | Reached XP level 3. HP: 21/24 MP: 3/3
   792 | D:2      | Found Tahoeg's Weapon Emporium.
   874 | D:2      | Reached ** piety under Trog
  1539 | D:3      | Reached XP level 4. HP: 28/29 MP: 4/4
  1979 | D:3      | Noticed Natasha
  1991 | D:3      | HP: 2/43 [cerulean imp/+1 spear[Natasha] (2)]
  1992 | D:3      | Killed Natasha
  1993 | D:3      | Reached skill level 4 in Maces & Flails
  2191 | D:3      | Noticed Natasha
  2198 | D:3      | Killed Natasha
  2199 | D:3      | Reached XP level 5. HP: 10/33 MP: 5/5
  2435 | D:3      | Noticed Natasha
  2449 | D:3      | Killed Natasha
  2576 | D:3      | Found a white marble altar of Elyvilon.
  2871 | D:4      | Identified the +2 leather armour of Xom's Supremacy {rN++
                  | Will+ Slay-5}
  2997 | D:4      | Found a staircase to the Ecumenical Temple.
  3322 | D:4      | Found an iron altar of Okawaru.
  3487 | D:4      | Reached *** piety under Trog
  3630 | D:5      | Entered Level 5 of the Dungeon
  3631 | D:5      | Noticed an ice beast
  3700 | D:5      | Found a transporter.
  3744 | D:5      | Killed an ice beast
  3745 | D:5      | Reached skill level 5 in Maces & Flails
  3745 | D:5      | Reached skill level 1 in Stealth
  3745 | D:5      | Reached XP level 6. HP: 34/39 MP: 6/6
  3813 | D:5      | Found a transporter.
  3838 | D:5      | Found an ornate altar of the Wu Jian Council.
  3866 | D:5      | Slain by an ogre

Illustrated notes

Levels and vault maps discovered:
D:1:      psy_arrival_dodecagon, layout_basic, serial_shops, shop
D:2:      layout_loops_ring, serial_shops, shop
D:3:      layout_basic, mainiacjoe_overflow_surrounded_room,
          serial_corexii_hall, chequers_hall_statues_y, chequers_hall_statues_y,
          minmay_misc_feat_alley, interstate_on_off, dk_noncrumbling_2,
          uniq_natasha
D:4:      layout_basic, okawaru_trees_2, minmay_temple_entry_statues,
          kennysheep_generic_room_3
D:5:      layout_loops_ring, lemuel_crystal_altar,
          gammafunk_temple_overflow_elements, gammafunk_ghost_abyssal_escape,
          serial_shops, nicolae_book_shop_shelving, minmay_holes, uniq_duvessa

Skill      XL: |  1  2  3  4  5 |
---------------+----------------+-----
Maces & Flails | 4 5 |  5.2
Armour         | 3 |  3.9
Dodging        | 2 |  2.3
Fighting       | 4 |  4.3
Stealth        | 1 |  1.0

Action                     |  1- 3 |  4- 6 || total
---------------------------+-------+-------++-------
  Melee: Mace              |   118 |   153 ||   271
         Punch             |       |     1 ||     1
 Invoke: Berserk           |       |     3 ||     3
    Use: Scroll            |     2 |     1 ||     3
 Armour: Animal skin       |    23 |       ||    23
         Leather armour    |    17 |    46 ||    63
  Dodge: Dodged            |    87 |   111 ||   198
